 Dungeon Crawl Stone Soup version 0.27-a0-343-gfcad680f63 (webtiles) character file.

Game seed: 12685820229562882499

345 foci the Chopper (level 6, -3/38 HPs)
             Began as a Gargoyle Fighter on Feb 15, 2021.
             Was a Follower of Makhleb.
             Slain by a worker ant (4 damage)
             ... on level 4 of the Dungeon.
             The game lasted 00:05:41 (3618 turns).

foci the Chopper (Gargoyle Fighter)                 Turns: 3618, Time: 00:05:42

Health: -3/38      AC: 12    Str: 21    XL:     6   Next: 58%
Magic:  6/6        EV:  8    Int:  8    God:    Makhleb [*.....]
Gold:   248        SH:  9    Dex: 10    Spells: 5/5 levels left

rFire    + . .     SeeInvis .   a - +0 war axe
rCold    . . .     Faith    .   c - +0 kite shield
rNeg     + . .     Spirit   .   q - +1 ring mail {rF+}
rPois    ∞         Reflect  .   (no helmet)
rElec    +         Harm     .   (no cloak)
rCorr    .         Rampage  .   (no gloves)
Will     .....                  o - +0 pair of boots
Stlth    ..........             (no amulet)
HPRegen  0.12/turn              (no ring)
MPRegen  0.10/turn              (no ring)

@: no status effects
A: negative energy resistance 1, electricity resistance, unbreathing,
petrification resistance, miasma immunity, AC +4
a: Renounce Religion


You were on level 4 of the Dungeon.
You worshipped Makhleb.
Makhleb was aware of your devotion.
You visited 1 branch of the dungeon, and saw 4 of its levels.

You collected 248 gold pieces.

Inventory:

Hand Weapons
 a - a +0 war axe (weapon)
 r - a +0 battleaxe
Armour
 c - a +0 kite shield (worn)
 o - a +0 pair of boots (worn)
 q - a +1 ring mail of fire resistance (worn)
 t - a +0 helmet
Jewellery
 b - an amulet of regeneration {unknown}
Scrolls
 e - 3 scrolls of identify {unknown}
 f - a scroll of blinking {unknown}
 g - 3 scrolls of magic mapping {unknown}
 i - a scroll of teleportation {unknown}
 l - a scroll of fog {unknown}
 p - a scroll of enchant weapon {unknown}
Potions
 d - a potion of might
 h - 2 potions of lignification {unknown}
 j - a potion of brilliance {unknown}
 k - a potion of magic {unknown}
 m - 2 potions of berserk rage
 n - a potion of curing {unknown}
 s - a potion of degeneration {unknown}


   Skills:
 + Level 3.9 Fighting
 * Level 4.9 Axes
 + Level 4.1 Armour
 + Level 1.1 Dodging
 - Level 4.0 Shields


You had 5 spell levels left.
You didn't know any spells.
Your spell library was empty.

Dungeon Overview and Level Annotations

Branches:
Dungeon (4/15)
 Temple: D:4-7

Altars:
Makhleb
The Shining One

Shops:
D:4 [

Annotations:
D:4 Ijyb


Innate Abilities, Weirdness & Mutations

You are resistant to torment.
Your stone body is resilient. (AC +4)
You are immune to poison.
You resist negative energy. (rN+)
You are resistant to electric shocks. (rElec)
You can survive without breathing.
You are immune to petrification.
You are immune to miasma.


Message History

Ouch! That really hurt!
* * * LOW HITPOINT WARNING * * *
The orc hits you but does no damage. Ijyb hits you but does no damage. x2
You block the orc's attack.
Okay, then.
The orc barely misses you. You block the ogre's attack.
You block Ijyb's attack.
Ijyb rages.
You block Ijyb's attack. Ijyb hits you but does no damage.
Ijyb hits you but does no damage.
Found 6 gold pieces.
A worker ant comes into view.
A worker ant comes into view.
The worker ant bites you but does no damage.
You block Ijyb's attack.
Ijyb is no longer berserk.
Ijyb zaps a wand.
You resist with some effort.
The worker ant bites you but does no damage.
The worker ant bites you but does no damage.
Ijyb screams, "Me kill you!"
Found a stone staircase leading down.
The worker ant barely misses you.
You see here a helmet.
t - a helmet The worker ant bites you but does no damage.
Ijyb zaps a wand.
You suddenly lose the ability to move!
The worker ant bites you but does no damage.
The worker ant bites you. x2
* * * LOW HITPOINT WARNING * * *
The worker ant bites you but does no damage. x3
The worker ant bites you.
* * * LOW HITPOINT WARNING * * *
The worker ant bites you.
* * * LOW HITPOINT WARNING * * *
The worker ant bites you but does no damage.
The worker ant bites you.
* * * LOW HITPOINT WARNING * * *
You can move again.
You block the worker ant's attack. The worker ant bites you.
You die...

##..### ##... #.....##
##.o ####......## ##.
######......../.## ##
####.......o........## #
.....................###
........Or.............r
....>...B..........∩....
.......@Bg..............
###########.............
##............
#.........$..
#...........#
##.###......## ##.##
#####..# #..# ###..
##.## #.


You could see an ogre, Ijyb, 2 worker ants, an orc and a quokka.

Vanquished Creatures
  A centaur zombie (D:2)
  A hound (D:3)
  Terence (D:3)
  2 orc wizards (D:3)
  A worker ant (D:4)
  7 adders
  An ooze (D:3)
  2 adder skeletons (D:4)
  6 worms
  A dart slug (D:2)
  A leopard gecko (D:2)
  9 orcs
  2 ball pythons
  4 giant cockroaches
  4 goblins
  8 hobgoblins
  2 jackals (D:3)
  3 quokkas
  7 bats
  9 frilled lizards
  10 kobolds
  12 rats
94 creatures vanquished.

Notes
Turn   | Place    | Note
-------+----------+-------------------------------------------
     0 | D:1      | foci the Gargoyle Fighter began the quest for the Orb.
     0 | D:1      | Reached XP level 1. HP: 14/14 MP: 1/1
   264 | D:1      | Reached XP level 2. HP: 19/19 MP: 2/2
   909 | D:2      | Reached XP level 3. HP: 20/23 MP: 3/3
  1195 | D:2      | Reached XP level 4. HP: 14/29 MP: 4/4
  1694 | D:2      | Found a glowing golden altar of the Shining One.
  1763 | D:2      | Reached XP level 5. HP: 32/33 MP: 5/5
  1993 | D:3      | Noticed Terence
  2031 | D:3      | Killed Terence
  2177 | D:3      | Found a burning altar of Makhleb.
  2186 | D:3      | Became a worshipper of Makhleb the Destroyer
  2574 | D:3      | Reached XP level 6. HP: 36/38 MP: 6/6
  3293 | D:4      | Reached skill level 1 in Dodging
  3356 | D:4      | Reached * piety under Makhleb
  3572 | D:4      | Found Baawara's Antique Armour Shop.
  3572 | D:4      | Noticed Ijyb
  3613 | D:4      | Paralysed by Ijyb for 5 turns
  3617 | D:4      | HP: 1/38 [worker ant (5)]
  3618 | D:4      | Slain by a worker ant

Illustrated notes

Levels and vault maps discovered:
D:1:      nzn_arrival_crosshair, layout_loops_corners
D:2:      layout_loops_cross, nicolae_tso_swordbearing_angel, st_stairs_9,
          minmay_lizard_pond
D:3:      layout_basic, minmay_misc_feat_rugged, makhleb_blood_cavern_becter,
          uniq_terence
D:4:      minmay_skewed_foursquare, layout_cave_pods, serial_shops, shop,
          serial_park, serial_park_tiny_pond, bh_walls_and_bars, uniq_eustachio,
          uniq_ijyb

Skill      XL: |  1  2  3  4  5  6 |
---------------+-------------------+-----
Axes           | 2 3 4 |  4.9
Shields        | 4 |  4.0
Armour         | 4 |  4.1
Dodging        | 1 |  1.1
Fighting       | |  3.9

Action                   |  1- 3 |  4- 6 || total
-------------------------+-------+-------++-------
Melee: War axe           |   107 |   193 ||   300
Armor: Scale mail        |    71 |    38 ||   109
       Ring mail         |       |   123 ||   123
Dodge: Dodged            |    49 |    85 ||   134
Block: Kite shield       |    81 |   129 ||   210

Table legend: (Time is in decaauts)
 A = Elapsed time spent in this place.
 B = Non-inter-level travel time spent in this place.
 C = Inter-level travel time spent in this place.
 D = Time resting spent in this place.
 E = Time spent auto-exploring this place.
 F = Levels seen in this place.
 G = Mean time per level.
                   A        B        C        D        E       F      G
               +--------+--------+--------+--------+--------+-----+--------+
         Total |   3786 |   3742 |     44 |     19 |   2754 |   4 |  946.5 |
       Dungeon |   3786 |   3742 |     44 |     19 |   2754 |   4 |  946.5 |
               +--------+--------+--------+--------+--------+-----+--------+

Top non-repeatable levels by time:
     D:3: 1266 daAuts
     D:2: 1216 daAuts
     D:1: 902 daAuts
     D:4: 400 daAuts
